 Dungeon Crawl Stone Soup version 0.29.0-15-g675c0067aa (webtiles) character file.

Game seed: 9975682139966756908

12803 qw the Severer (level 11, -5/153 HPs)
             Began as a Minotaur Berserker on Sept 12, 2022.
             Was a Priest of Trog.
             Succumbed to a redback's poison
             ... on level 3 of the Lair of Beasts.
             The game lasted 00:03:21 (11987 turns).

qw the Severer (Minotaur Berserker)                Turns: 11987, Time: 00:03:21

Health: -5/153     AC: 19    Str: 25    XL:     11   Next: 67%
Magic:  10/10      EV:  9    Int:  4    God:    Trog [***...]
Gold:   634        SH:  0    Dex: 14    Spells: 10/10 levels left

rFire   . . .      SeeInvis +   Y - +4 war axe
rCold   + . .      Faith    .   (no shield)
rNeg    . . .      Spirit   .   c - +0 plate armour
rPois   .          Reflect  .   (helmet restricted)
rElec   .          Harm     .   n - +0 cloak
rCorr   .          Rampage  .   h - +0 pair of gloves
Will    .....                   g - +1 pair of boots of Instinct {rC+ Dex+3}
Stlth   ..........              (no amulet)
HPRegen 0.35/turn               o - ring of see invisible
MPRegen 0.12/turn               (no ring)

@: berserking, lethally poisoned (-5 -> -66), very quick
A: horns 2, retaliatory headbutt
a: Renounce Religion, Berserk, Trog's Hand


You were on level 3 of the Lair of Beasts.
You worshipped Trog.
Trog was most pleased with you.
You visited 2 branches of the dungeon, and saw 11 of its levels.

You collected 634 gold pieces.


Innate Abilities, Weirdness & Mutations

You have a pair of horns on your head.
You reflexively headbutt those who attack you in melee.


   Skills:
 - Level 11.1 Fighting
 - Level 16.0 Axes
 - Level 4.3 Throwing
 + Level 10.0 Armour
 - Level 5.2 Dodging


You had 10 spell levels left.
You didn't know any spells.
Your spell library was empty.

Inventory:

Hand Weapons
 m - a +0 flail
 Y - a +4 war axe (weapon)
Missiles
 f - 2 boomerangs (quivered)
 l - a javelin
Armour
 c - a +0 plate armour (worn)
 g - the +1 pair of boots of Instinct (worn) {rC+ Dex+3}
   (You found it on level 2 of the Dungeon)

   Dex:       It affects your dexterity (+3).
   rC:        It protects you from cold.
 h - a +0 pair of gloves (worn)
 n - a +0 cloak (worn)
 q - an orb of guile
Jewellery
 o - a ring of see invisible (left hand)
Scrolls
 a - 7 scrolls of identify
 k - 8 scrolls of teleportation
Potions
 b - a potion of haste
 d - 5 potions of curing
 e - 3 potions of mutation
 i - a potion of heal wounds
 j - 2 potions of might
 p - a potion of lignification {unknown}

Dungeon Overview and Level Annotations

Branches:
Dungeon (8/15)             Temple (0/1) D:4            Lair (3/5) D:8
  Swamp (0/4) Lair:3       Spider (0/4) Lair:3

Altars:
Ashenzari
Kikubaaqudgha
Okawaru
Ru
Trog
Vehumet
Xom

Annotations:
D:3 1 runed translucent door, Crazy Yiuf
Lair:1 1 runed translucent door, qw's ghost, journeyman MiBe


Message History

The culicivora bites you!
The culicivora draws strength from your injuries!
11983 ||| INVOKING Berserk.
A red film seems to cover your vision as you go berserk!
You feel yourself moving faster!
You feel mighty!
You feel extremely sick.
The jumping spider leaps! x2
The redback bites you but does no damage.
The culicivora bites you!!
The culicivora draws strength from your injuries!
The web tears apart.
You feel a strong urge to attack something.
You feel very sick.
The redback bites you but does no damage.
The jumping spider is healed somewhat.
The jumping spider pounces on you but does no damage.
The jumping spider closely misses you.
You slash the redback!
The redback is almost dead.
You hit the jumping spider. You slash the culicivora!
You feel very sick. The redback bites you.
You are more poisoned.
The redback poisons you! The culicivora barely misses you.
You furiously retaliate!
You headbutt the culicivora! The jumping spider misses you.
The jumping spider bites you but does no damage.
You barely miss the redback. You headbutt the redback.
You kill the redback!
Trog accepts your kill.
You closely miss the jumping spider. You slash the culicivora!
You kill the culicivora!
Trog accepts your kill.
You feel extremely sick.
The jumping spider leaps!
Your Dodging skill increases to level 5!
You slash the jumping spider!
Your headbutt misses the jumping spider.
The jumping spider is almost dead.
You die...

..##...# ...##...#
...#..## .........
......# #........
.....P# ##..0.....
...#### ####........
...## #.......#
....#######......##
##..........###?..##
.............###@s^#
.......##....P.#...^.#
..#...#.###(...##....#
..##..#¤¤¤..¤...#^^^^.#
.##....¤¤¤7~¤.).##^^...#
####...¤¤¤¤¤~¤..# #..>.#
# ##....¤¤¤¤¤¤.## #...#
###.....~7~7~. ##.#
.......%.~~7..


You could see a jumping spider.

Vanquished Creatures
  3 death yaks (D:8)
  2 bog bodies (Lair:3)
  A deep elf pyromancer (D:7)
  A cyclops (D:7)
  2 black mambas
  4 elephants (Lair:2)
  A cane toad (Lair:2)
  2 komodo dragons (Lair:2)
  A polar bear (Lair:2)
  Grinder (D:6)
  5 blink frogs (Lair:1)
  A culicivora (Lair:3)
  4 wyverns
  Eustachio (D:6)
  5 yaks (Lair:3)
  A redback (Lair:3)
  Grum (D:8)
  Menkaure (D:6)
  A vampire mosquito (D:7)
  A steam dragon (D:6)
  A water moccasin (Lair:2)
  An ice beast (D:7)
  A sky beast (D:7)
  4 black bears
  3 wolves (D:8)
  An ogre (D:7)
  A centaur (D:5)
  A kobold brigand (D:8)
  6 bullfrogs
  A necrophage (D:5)
  A scorpion (D:5)
  11 wights
  A howler monkey (D:5)
  6 hounds
  6 orc priests
  A jelly (D:4)
  4 iguanas
  4 orc wizards
  A hell rat (D:8)
  Robin (D:2)
  5 adders
  3 gnolls (D:4)
  3 white imps
  An ufetubus (D:4)
  3 worms
  3 dart slugs
  19 orcs
  4 bats
  4 endoplasms
  A giant cockroach (D:2)
  11 goblins
  8 hobgoblins
  7 jackals (D:1)
  11 kobolds
  6 quokkas
  3 ball pythons
  A frilled lizard (D:3)
  8 rats
196 creatures vanquished.

Vanquished Creatures (others)
  42 fungi
  8 plants (Lair:2)
50 creatures vanquished.

Grand Total: 246 creatures vanquished

Notes
Turn   | Place    | Note
-------+----------+-------------------------------------------
     0 | D:1      | qw the Minotaur Berserker began the quest for the Orb.
     0 | D:1      | Reached XP level 1. HP: 19/19 MP: 0/0
     0 | D:1      | 0 ||| qw: Version: 0.1-a-119-g272c26d
     0 | D:1      | 0 ||| qw: Game counter: 10931
     0 | D:1      | 0 ||| qw: Always use a shield: true
     0 | D:1      | 0 ||| qw: Do Orc after D:15 true
     0 | D:1      | 0 ||| qw: Do second Lair branch before Depths: true
     0 | D:1      | 0 ||| qw: Lair rune preference: random
     0 | D:1      | 0 ||| qw: Plans: Normal
     0 | D:1      | 0 ||| PLANNING D:1-11
    94 | D:1      | 94 ||| Stepping ~*~*~tactically~*~*~ (stealth).
    96 | D:1      | 96 ||| Stepping ~*~*~tactically~*~*~ (stealth).
    98 | D:1      | 98 ||| Stepping ~*~*~tactically~*~*~ (stealth).
   102 | D:1      | Reached skill level 4 in Axes
   102 | D:1      | 102 ||| Stepping ~*~*~tactically~*~*~ (stealth).
   110 | D:1      | Reached XP level 2. HP: 18/26 MP: 1/1
   145 | D:1      | 145 ||| Stepping ~*~*~tactically~*~*~ (stealth).
   151 | D:1      | 151 ||| Stepping ~*~*~tactically~*~*~ (stealth).
   155 | D:1      | 155 ||| Stepping ~*~*~tactically~*~*~ (stealth).
   156 | D:1      | 156 ||| Stepping ~*~*~tactically~*~*~ (stealth).
   160 | D:1      | 160 ||| Stepping ~*~*~tactically~*~*~ (stealth).
   163 | D:1      | 163 ||| Stepping ~*~*~tactically~*~*~ (stealth).
   164 | D:1      | 164 ||| Stepping ~*~*~tactically~*~*~ (stealth).
   173 | D:1      | 173 ||| Stepping ~*~*~tactically~*~*~ (stealth).
   179 | D:1      | 179 ||| Stepping ~*~*~tactically~*~*~ (stealth).
   576 | D:1      | 576 ||| Stepping ~*~*~tactically~*~*~ (hiding).
   678 | D:1      | 678 ||| Stepping ~*~*~tactically~*~*~ (hiding).
   887 | D:1      | Reached skill level 5 in Axes
   983 | D:1      | 983 ||| READING scroll labelled TUP KYNYTERGH.
   984 | D:1      | 984 ||| READING scroll labelled KUENWIOZEUL.
   985 | D:1      | 985 ||| READING scroll labelled VORAEH CATUELIPU.
   989 | D:1      | 989 ||| READING scroll labelled NUOLIU GIUMEU.
   990 | D:1      | 990 ||| DRINKING 2 purple potions.
  1081 | D:2      | Reached XP level 3. HP: 31/31 MP: 2/2
  1151 | D:2      | 1151 ||| Stepping ~*~*~tactically~*~*~ (stealth).
  1326 | D:2      | 1326 ||| Stepping ~*~*~tactically~*~*~ (hiding).
  1619 | D:2      | Identified the +1 pair of boots of Instinct {rC+ Dex+3}
  1754 | D:2      | 1754 ||| Stepping ~*~*~tactically~*~*~ (stealth).
  1755 | D:2      | 1755 ||| Stepping ~*~*~tactically~*~*~ (stealth).
  1757 | D:2      | 1757 ||| Stepping ~*~*~tactically~*~*~ (stealth).
  1759 | D:2      | 1759 ||| Stepping ~*~*~tactically~*~*~ (stealth).
  1761 | D:2      | 1761 ||| Stepping ~*~*~tactically~*~*~ (stealth).
  1877 | D:2      | Noticed Robin
  1878 | D:2      | 1878 ||| Stepping ~*~*~tactically~*~*~ (hiding).
  1882 | D:2      | 1882 ||| INVOKING Berserk.
  1886 | D:2      | Killed Robin
  1887 | D:2      | Reached skill level 6 in Axes
  1887 | D:2      | Reached XP level 4. HP: 39/39 MP: 3/3
  1894 | D:2      | 1894 ||| Stepping ~*~*~tactically~*~*~ (stealth).
  1906 | D:2      | Reached ** piety under Trog
  2011 | D:2      | 2011 ||| DROPPING +0 club.
  2082 | D:2      | 2082 ||| Stepping ~*~*~tactically~*~*~ (stealth).
  2455 | D:2      | 2455 ||| UPGRADING to +1 pair of boots of Instinct {rC+
                  | Dex+3}.
  2460 | D:2      | 2460 ||| READING scroll labelled SIUNUXOYGH.
  2461 | D:2      | 2461 ||| DRINKING 2 bubbling black potions.
  2462 | D:2      | 2462 ||| READING 3 scrolls of identify.
  2462 | D:2      | 2462 ||| IDENTIFYING emerald potion
  2463 | D:2      | 2463 ||| READING 2 scrolls of identify.
  2463 | D:2      | 2463 ||| IDENTIFYING white potion
  2464 | D:2      | 2464 ||| DROPPING potion of brilliance.
  2465 | D:2      | 2465 ||| DROPPING potion of degeneration.
  2567 | D:3      | Found a faded altar of an unknown god.
  2636 | D:3      | 2636 ||| Stepping ~*~*~tactically~*~*~ (stealth).
  2716 | D:3      | 2716 ||| SWAPPING to +2 hand axe of flaming.
  2717 | D:3      | 2717 ||| DROPPING +0 whip.
  2718 | D:3      | 2718 ||| DROPPING +1 hand axe.
  2721 | D:3      | 2721 ||| READING 2 scrolls of enchant weapon.
  2721 | D:3      | 2721 ||| ENCHANTING +2 hand axe of flaming.
  2722 | D:3      | 2722 ||| READING scroll of enchant weapon.
  2722 | D:3      | 2722 ||| ENCHANTING +3 hand axe of flaming.
  2793 | D:3      | You fall into a shaft and drop 1 floor!
  2797 | D:4      | 2797 ||| READING scroll of enchant weapon.
  2797 | D:4      | 2797 ||| ENCHANTING +4 hand axe of flaming.
  2816 | D:4      | 2816 ||| INVOKING Berserk.
  2927 | D:4      | Found a staircase to the Ecumenical Temple.
  2956 | D:4      | 2956 ||| INVOKING Berserk.
  2958 | D:4      | Reached skill level 7 in Axes
  2958 | D:4      | Reached XP level 5. HP: 45/45 MP: 4/4
  3134 | D:4      | Noticed a wyvern
  3141 | D:4      | 3141 ||| INVOKING Berserk.
  3142 | D:4      | Killed a wyvern
  3143 | D:4      | Reached XP level 6. HP: 37/57 MP: 5/5
  3342 | D:4      | 3342 ||| UPGRADING to +0 pair of gloves.
  3347 | D:4      | 3347 ||| READING scroll labelled REQUEWAZASCH.
  3348 | D:4      | 3348 ||| READING 2 scrolls of identify.
  3348 | D:4      | 3348 ||| IDENTIFYING fizzy emerald potion
  3349 | D:4      | 3349 ||| DROPPING potion of flight.
  3364 | D:3      | 3364 ||| Stepping ~*~*~tactically~*~*~ (hiding).
  3368 | D:3      | 3368 ||| Stepping ~*~*~tactically~*~*~ (hiding).
  3377 | D:3      | 3377 ||| Stepping ~*~*~tactically~*~*~ (stealth).
  3379 | D:3      | 3379 ||| Stepping ~*~*~tactically~*~*~ (stealth).
  3384 | D:3      | 3384 ||| Stepping ~*~*~tactically~*~*~ (hiding).
  3639 | D:3      | Found a runed translucent door.
  3640 | D:3      | Noticed Crazy Yiuf
  3807 | D:3      | 3807 ||| READING scroll labelled SYIS MELA KAO.
  3852 | D:3      | 3852 ||| Stepping ~*~*~tactically~*~*~ (stealth).
  3964 | D:3      | 3964 ||| DROPPING +0 club.
  4002 | D:4      | 4002 ||| STAIRDANCE
  4050 | D:3      | 4050 ||| UPGRADING to +0 ring mail.
  4060 | D:3      | 4060 ||| DROPPING +0 animal skin.
  4061 | D:3      | 4061 ||| READING 2 scrolls labelled MOXKEA SURU.
  4062 | D:3      | 4062 ||| DROPPING scroll of poison.
  4063 | D:3      | 4063 ||| READING scroll of teleportation.
  4228 | D:4      | 4228 ||| Stepping ~*~*~tactically~*~*~ (stealth).
  4229 | D:4      | 4229 ||| Stepping ~*~*~tactically~*~*~ (stealth).
  4239 | D:4      | Reached skill level 8 in Axes
  4304 | D:4      | 4304 ||| Stepping ~*~*~tactically~*~*~ (stealth).
  4313 | D:4      | 4313 ||| INVOKING Berserk.
  4464 | D:4      | 4464 ||| DROPPING +0 mace.
  4672 | D:5      | Entered Level 5 of the Dungeon
  4672 | D:5      | Found a broken altar of Ashenzari.
  4682 | D:5      | Reached XP level 7. HP: 54/62 MP: 6/6
  4863 | D:5      | Reached skill level 9 in Axes
  4926 | D:5      | Reached *** piety under Trog
  5008 | D:5      | 5008 ||| Stepping ~*~*~tactically~*~*~ (hiding).
  5010 | D:5      | 5010 ||| Stepping ~*~*~tactically~*~*~ (hiding).
  5013 | D:5      | 5013 ||| INVOKING Berserk.
  5129 | D:5      | 5129 ||| Stepping ~*~*~tactically~*~*~ (stealth).
  5135 | D:5      | 5135 ||| Stepping ~*~*~tactically~*~*~ (stealth).
  5136 | D:5      | 5136 ||| Stepping ~*~*~tactically~*~*~ (stealth).
  5140 | D:5      | 5140 ||| Stepping ~*~*~tactically~*~*~ (hiding).
  5141 | D:5      | 5141 ||| Stepping ~*~*~tactically~*~*~ (hiding).
  5143 | D:5      | 5143 ||| INVOKING Berserk.
  5153 | D:5      | Reached skill level 10 in Axes
  5346 | D:5      | 5346 ||| INVOKING Berserk.
  5352 | D:5      | Reached skill level 3 in Dodging
  5554 | D:5      | Found a radiant altar of Vehumet.
  5576 | D:5      | Reached skill level 6 in Fighting
  6001 | D:5      | 6001 ||| UPGRADING to +0 chain mail.
  6011 | D:5      | 6011 ||| DROPPING +0 ring mail.
  6012 | D:5      | 6012 ||| UPGRADING to +0 cloak.
  6017 | D:5      | 6017 ||| DRINKING 2 viscous green potions.
  6018 | D:5      | 6018 ||| READING 3 scrolls of identify.
  6018 | D:5      | 6018 ||| IDENTIFYING bubbling yellow potion
  6019 | D:5      | 6019 ||| READING 2 scrolls of identify.
  6019 | D:5      | 6019 ||| IDENTIFYING red potion
  6020 | D:5      | 6020 ||| DROPPING potion of magic.
  6021 | D:5      | 6021 ||| DROPPING potion of attraction.
  6048 | D:6      | Reached XP level 8. HP: 69/70 MP: 7/7
  6085 | D:6      | 6085 ||| Stepping ~*~*~tactically~*~*~ (stealth).
  6086 | D:6      | 6086 ||| Stepping ~*~*~tactically~*~*~ (stealth).
  6093 | D:6      | 6093 ||| INVOKING Berserk.
  6258 | D:6      | 6258 ||| SWAPPING to +4 war axe.
  6259 | D:6      | 6259 ||| DROPPING +5 hand axe of electrocution.
  6262 | D:6      | Noticed Eustachio
  6267 | D:6      | 6267 ||| INVOKING Berserk.
  6297 | D:6      | Reached skill level 11 in Axes
  6299 | D:6      | Killed Eustachio
  6511 | D:6      | Noticed Grinder
  6512 | D:6      | 6512 ||| INVOKING Trog's Hand.
  6515 | D:6      | 6515 ||| INVOKING Berserk.
  6521 | D:6      | Killed Grinder
  6696 | D:6      | Noticed Menkaure
  6700 | D:6      | 6700 ||| INVOKING Berserk.
  6702 | D:6      | Killed Menkaure
  6703 | D:6      | Reached skill level 12 in Axes
  6703 | D:6      | Reached XP level 9. HP: 59/75 MP: 8/8
  6978 | D:6      | 6978 ||| READING scroll labelled EHEYSI JUXZU.
  6979 | D:6      | 6979 ||| READING scroll labelled WOAWYKK TABRO.
  6980 | D:6      | 6980 ||| READING 3 scrolls of identify.
  6980 | D:6      | 6980 ||| IDENTIFYING amethyst potion
  7074 | D:7      | Noticed a cyclops
  7077 | D:7      | 7077 ||| INVOKING Berserk.
  7088 | D:7      | Killed a cyclops
  7089 | D:7      | Reached skill level 13 in Axes
  7324 | D:7      | Noticed a deep elf pyromancer
  7329 | D:7      | Killed a deep elf pyromancer
  7956 | D:7      | 7956 ||| DRINKING 5 potions of curing.
  7956 | D:7      | 7956 ||| (to cure confusion)
  7957 | D:7      | 7957 ||| INVOKING Berserk.
  8325 | D:7      | 8325 ||| DROPPING amulet of faith.
  8326 | D:7      | 8326 ||| READING scroll labelled ZUCERI DIPHYE.
  8327 | D:7      | 8327 ||| READING 2 scrolls labelled EMOISA PYSUF.
  8328 | D:7      | 8328 ||| READING 3 scrolls of identify.
  8328 | D:7      | 8328 ||| IDENTIFYING pink potion
  8329 | D:7      | 8329 ||| DROPPING scroll of immolation.
  8378 | D:8      | 8378 ||| Stepping ~*~*~tactically~*~*~ (stealth).
  8396 | D:8      | 8396 ||| INVOKING Berserk.
  8569 | D:8      | Noticed a death yak
  8570 | D:8      | Reached XP level 10. HP: 88/88 MP: 9/9
  8573 | D:8      | Noticed a death yak
  8574 | D:8      | 8574 ||| INVOKING Berserk.
  8574 | D:8      | Noticed a death yak
  8577 | D:8      | Killed a death yak
  8578 | D:8      | Reached skill level 14 in Axes
  8588 | D:8      | Killed a death yak
  8589 | D:8      | Reached skill level 15 in Axes
  8591 | D:8      | Killed a death yak
  8592 | D:8      | Reached skill level 9 in Fighting
  8699 | D:8      | Found a staircase to the Lair.
  8706 | D:8      | 8706 ||| Stepping ~*~*~tactically~*~*~ (stealth).
  8734 | D:8      | 8734 ||| Stepping ~*~*~tactically~*~*~ (stealth).
  8762 | D:8      | 8762 ||| FLEEEEING.
  8763 | D:8      | 8763 ||| FLEEEEING.
  8764 | D:8      | 8764 ||| FLEEEEING.
  8765 | D:8      | 8765 ||| FLEEEEING.
  8766 | D:8      | 8766 ||| FLEEEEING.
  8767 | D:8      | 8767 ||| FLEEEEING.
  8768 | D:8      | 8768 ||| FLEEEEING.
  8769 | D:8      | 8769 ||| FLEEEEING.
  8770 | D:8      | 8770 ||| FLEEEEING.
  8773 | D:8      | 8773 ||| FLEEEEING.
  8782 | D:8      | 8782 ||| FLEEEEING.
  8783 | D:8      | 8783 ||| STAIRDANCE
  8888 | D:8      | 8888 ||| STAIRDANCE
  8942 | D:8      | Found a shimmering altar of Xom.
  8946 | D:8      | Found a sacrificial altar of Ru.
  8963 | D:8      | 8963 ||| Stepping ~*~*~tactically~*~*~ (stealth).
  8967 | D:8      | Noticed Grum
  8970 | D:8      | 8970 ||| INVOKING Berserk.
  8976 | D:8      | Killed Grum
  9334 | D:8      | Found a bloodstained altar of Trog.
  9369 | D:8      | Found an ancient bone altar of Kikubaaqudgha.
  9543 | D:8      | 9543 ||| PLANNING LAIR
  9543 | D:8      | 9543 ||| UPGRADING to +0 plate armour.
  9553 | D:8      | 9553 ||| DROPPING +0 chain mail.
  9579 | Lair:1   | Entered Level 1 of the Lair of Beasts
  9604 | Lair:1   | Noticed a black mamba
  9607 | Lair:1   | 9607 ||| INVOKING Berserk.
  9611 | Lair:1   | Killed a black mamba
  9827 | Lair:1   | 9827 ||| Stepping ~*~*~tactically~*~*~ (stealth).
  9833 | Lair:1   | 9833 ||| INVOKING Berserk.
  9873 | Lair:1   | Reached skill level 16 in Axes
 10159 | Lair:1   | Found a runed translucent door.
 10159 | Lair:1   | Noticed qw's ghost (journeyman MiBe)
 10159 | Lair:1   | Noticed an elephant
 10343 | Lair:2   | Noticed an elephant
 10343 | Lair:2   | Noticed an elephant
 10343 | Lair:2   | Noticed an elephant
 10344 | Lair:2   | Noticed an elephant
 10345 | Lair:2   | 10345 ||| INVOKING Berserk.
 10345 | Lair:2   | Noticed a black mamba
 10349 | Lair:2   | Reached skill level 3 in Throwing
 10349 | Lair:2   | Reached XP level 11. HP: 97/97 MP: 10/10
 10357 | Lair:2   | Reached skill level 9 in Armour
 10501 | Lair:2   | 10501 ||| INVOKING Berserk.
 10678 | Lair:2   | 10678 ||| INVOKING Berserk.
 10687 | Lair:2   | 10687 ||| Stepping ~*~*~tactically~*~*~ (stealth).
 10932 | Lair:2   | 10932 ||| Stepping ~*~*~tactically~*~*~ (stealth).
 10937 | Lair:2   | 10937 ||| INVOKING Berserk.
 11143 | Lair:2   | 11143 ||| Stepping ~*~*~tactically~*~*~ (stealth).
 11172 | Lair:2   | 11172 ||| INVOKING Berserk.
 11506 | Lair:2   | 11506 ||| UPGRADING to ring of see invisible.
 11507 | Lair:2   | 11507 ||| READING scroll labelled DISSOUFYPH.
 11550 | Lair:3   | Noticed a bog body
 11551 | Lair:3   | Found a staircase to the Swamp.
 11551 | Lair:3   | Noticed a bog body
 11557 | Lair:3   | Killed a bog body
 11559 | Lair:3   | 11559 ||| INVOKING Berserk.
 11562 | Lair:3   | Killed a bog body
 11792 | Lair:3   | Found an iron altar of Okawaru.
 11843 | Lair:3   | 11843 ||| Stepping ~*~*~tactically~*~*~ (stealth).
 11846 | Lair:3   | 11846 ||| Stepping ~*~*~tactically~*~*~ (stealth).
 11852 | Lair:3   | 11852 ||| Stepping ~*~*~tactically~*~*~ (stealth).
 11860 | Lair:3   | 11860 ||| Stepping ~*~*~tactically~*~*~ (stealth).
 11861 | Lair:3   | 11861 ||| Stepping ~*~*~tactically~*~*~ (stealth).
 11973 | Lair:3   | Found a hole to the Spider Nest.
 11982 | Lair:3   | 11982 ||| DRINKING 6 potions of curing.
 11982 | Lair:3   | 11982 ||| (to cure bad poison)
 11983 | Lair:3   | 11983 ||| INVOKING Berserk.
 11983 | Lair:3   | HP: 22/153 [culicivora (18)]
 11985 | Lair:3   | HP: 9/153 [redback (6)]
 11986 | Lair:3   | HP: 2/153 [poisoned by a redback]
 11987 | Lair:3   | Succumbed to a redback's poison

Levels and vault maps discovered:
D:1:      minmay_arrival_five_plusses, layout_loops_ring,
          chequers_serial_rivers_micro_c, hangedman_decor_clover_reticule
D:2:      minmay_skewed_foursquare, layout_basic, uniq_robin
D:3:      layout_basic, basic_ecumenical_altar, chequers_mini_garden,
          minmay_misc_feat_nine_boxes, minmay_misc_feat_ornament,
          uniq_crazy_yiuf_cottage
D:4:      layout_rooms, minmay_liquid_box
D:5:      layout_basic, mainiacjoe_overflow_concentric_impassable,
          mainiacjoe_overflow_tiny_flanked, serial_aquarium,
          aquarium_bridge_island_small [aquarium_subvault_small_open,
          aquarium_subvault_window, aquarium_subvault_bridge,
          aquarium_subvault_wall, aquarium_subvault_wall],
          aquarium_bridge_long_joined [aquarium_subvault_window,
          aquarium_subvault_bridge, aquarium_subvault_bridge,
          aquarium_subvault_wall, aquarium_subvault_window,
          aquarium_subvault_window], aquarium_window_fake,
          aquarium_window_corridor_2, aquarium_window_fake, aquarium_view_2d,
          aquarium_pool_1
D:6:      layout_rooms, uniq_menkaure, uniq_grinder, uniq_eustachio
D:7:      minmay_chambers_of_sixes, layout_gridville
D:8:      layout_rooms, mainiacjoe_overflow_catwalk_spiral,
          mainiacjoe_overflow_two_lobes, dpeg_lair_monsters, uniq_grum
Lair:1:   layout_hall_layers, ebering_ghost_inner_flame
Lair:2:   layout_roguey
Lair:3:   layout_layer_cave, skrybe_swamp_entry_bodies,
          spider_nest_entry_funnel_web, basic_altar, minivault_19

Skill      XL: |  1  2  3  4  5  6  7  8  9 10 11 |
---------------+----------------------------------+-----
Axes           | 4 5 6 7 8 10 12 13 16 | 16.0
Fighting       | 5 6 8 9 11 | 11.1
Dodging        | 3 4 5 |  5.2
Armour         | 5 7 8 10 | 10.0
Throwing       | 3 4 |  4.3

Action                   |  1- 3 |  4- 6 |  7- 9 | 10-12 || total
-------------------------+-------+-------+-------+-------++-------
Melee: Hand axe          |    81 |   105 |    51 |       ||   237
       Headbutt          |    11 |    17 |    24 |    29 ||    81
       Punch             |       |     1 |       |     1 ||     2
       War axe           |       |       |   107 |   130 ||   237
Throw: Boomerang         |       |       |       |    27 ||    27
       Javelin           |       |       |       |    16 ||    16
Invok: Berserk           |     1 |     4 |    10 |    11 ||    26
       Trog's Hand       |       |       |     1 |       ||     1
  Use: Scroll            |     4 |    11 |     8 |     1 ||    24
       Potion            |     1 |     1 |     2 |     1 ||     5
Armor: Animal skin       |    13 |     4 |       |       ||    17
       Ring mail         |       |    22 |    16 |       ||    38
       Chain mail        |       |       |    64 |     8 ||    72
       Plate armour      |       |       |       |    43 ||    43
Dodge: Dodged            |    54 |    57 |    71 |    49 ||   231

Table legend:
 A = Non-vault XP
 B = Vault XP
 C = Vault XP percentage of total XP
 D = Non-vault monster count
 E = Vault monster count
 F = Vault count percentage of total count
                 A         B        C        D         E       F
            +---------+---------+-------+---------+---------+-------
      Total |   11191 |    7100 |  38.8 |     160 |      36 |  18.4
            +---------+---------+-------+---------+---------+-------
        D:1 |      35 |       0 |   0.0 |      19 |       0 |   0.0
        D:2 |      27 |      62 |  69.7 |      14 |      13 |  48.1
        D:3 |      59 |       0 |   0.0 |      19 |       0 |   0.0
        D:4 |     540 |       0 |   0.0 |      19 |       0 |   0.0
        D:5 |     694 |       0 |   0.0 |      19 |       0 |   0.0
        D:6 |     747 |     685 |  47.8 |       9 |       3 |  25.0
        D:7 |     672 |    1587 |  70.3 |      18 |       6 |  25.0
        D:8 |     799 |    3010 |  79.0 |      15 |      10 |  40.0
     Lair:1 |    1866 |       0 |   0.0 |       7 |       0 |   0.0
     Lair:2 |    4733 |       0 |   0.0 |      16 |       0 |   0.0
     Lair:3 |    1019 |    1756 |  63.3 |       5 |       4 |  44.4
            +---------+---------+-------+---------+---------+-------
